 Dungeon Crawl Stone Soup version 0.30-a0-918-g0ff054e9dc (webtiles) character file.

Game seed: 144121740509188057

170839 juan097 the Hand of Fortune (level 18, -10/95 HPs)
             Began as a Vine Stalker Monk on Mar 20, 2023.
             Was the Champion of Nemelex Xobeh.
             Mangled by a culicivora (13 damage)
             ... on level 3 of the Spider Nest.
             The game lasted 01:36:13 (24388 turns).

juan097 the Hand of Fortune (Vine Stalker Monk)    Turns: 24388, Time: 01:36:17

Health: -10/95     AC: 10    Str: 20    XL:     18   Next: 0%
Magic:  0/29       EV: 16    Int: 10    God:    Nemelex Xobeh [******]
Gold:   794        SH:  0    Dex: 23    Spells: 17/25 levels left

rFire   + . .      SeeInvis +    a - +8 dagger (distort)
rCold   . . .      Faith    .    (no shield)
rNeg    . . .      Spirit   +    F - +4 scale mail of Opanofan {Rampage rCorr SInv}
rPois   .          Reflect  .    G - +1 helmet
rElec   .          Rampage  +    l - +2 cloak "Weank" {rF+ Str+4}
rCorr   +                        m - +1 pair of gloves
Will    ++...                    u - +1 pair of boots
Stlth   ++++                     U - amulet of magic regeneration
HPRegen 1.15/turn                b - ring of resist corrosion
MPRegen 0.61/turn                P - +4 ring of slaying {=R}

@: corroded, studying Short Blades
A: fangs 3, regeneration 1, magic shield, antimagic bite, no potion heal 2
a: Renounce Religion, Draw Escape, Draw Destruction, Draw Summoning, Draw Stack,
Triple Draw, Deal Four, Stack Five


You were on level 3 of the Spider Nest.
You worshipped Nemelex Xobeh.
Nemelex Xobeh was exalted by your worship.
You visited 4 branches of the dungeon, and saw 25 of its levels.
You also visited: Gauntlet.

You collected 2363 gold pieces.
You spent 1569 gold pieces at shops.

Inventory:

Hand Weapons
 a - a +8 dagger of distortion (weapon)
Missiles
 e - 9 javelins
 g - 5 throwing nets
 h - 2 atropa-tipped darts
 s - 3 silver javelins
 x - 18 boomerangs
 I - 31 poisoned darts (quivered)
Armour
 l - the +2 cloak "Weank" (worn) {rF+ Str+4}
   (You found it in a Gauntlet)

   Str:       It affects your strength (+4).
   rF:        It protects you from fire.
 m - a +1 pair of gloves (worn)
 u - a +1 pair of boots (worn)
 F - the +4 scale mail of Opanofan (worn) {Rampage rCorr SInv}
   (You found it on level 1 of the Spider Nest)

   SInv:      It lets you see invisible.
   rCorr:     It protects you from acid and corrosion.
   Rampage:   It bestows one free step when moving towards enemies.
 G - a +1 helmet (worn)
 J - a +3 leather armour of cold resistance
 S - +0 fire dragon scales
Jewellery
 b - a ring of resist corrosion (left hand)
 n - a ring of protection from cold
 t - a ring of poison resistance
 w - a ring of protection from fire
 P - a +4 ring of slaying (right hand) {=R}
 U - an amulet of magic regeneration (around neck)
Wands
 L - a wand of polymorph (23)
 M - a wand of roots (9)
 N - a wand of light (3)
 O - a wand of flame (12)
 V - a wand of charming (6)
Scrolls
 f - a scroll of teleportation
 k - 6 scrolls of fear
 p - 5 scrolls of magic mapping
 q - 2 scrolls of butterflies
 v - 7 scrolls of fog
 y - 5 scrolls of immolation
 z - 8 scrolls of vulnerability
 A - 3 scrolls of poison
 C - a scroll of silence
 Q - 2 scrolls of torment
 R - 6 scrolls of blinking
 T - 4 scrolls of enchant armour
Potions
 c - 2 potions of ambrosia
 d - 3 potions of cancellation
 i - a potion of brilliance
 j - 3 potions of attraction
 o - 6 potions of haste
 r - 10 potions of curing
 B - a potion of berserk rage
 D - 2 potions of might
 E - 3 potions of mutation
 H - 4 potions of flight
 K - 5 potions of lignification
 X - 2 potions of magic
 Y - a potion of invisibility
Miscellaneous
 W - a lightning rod (4/4)


   Skills:
 + Level 10.4 Fighting
 - Level 12.0 Short Blades
 - Level 4.0 Throwing
 + Level 8.6 Armour
 + Level 8.6 Dodging
 + Level 10.9 Stealth
 - Level 4.0 Spellcasting
 - Level 8.0 Translocations
 - Level 6.0 Transmutations
 - Level 8.0 Air Magic
 - Level 6.0 Earth Magic
 + Level 14.3 Invocations
 - Level 6.0 Evocations


You had 17 spell levels left.
You knew the following spells:

 Your Spells              Type           Power      Damage    Failure   Level
a - Apportation           Tloc           36%        N/A       2%          1
b - Passwall              Tmut/Erth      11%        N/A       8%          2
c - Blink                 Tloc           36%        N/A       3%          2
d - Vhi's Electric Charg  Tloc/Air       36%        N/A       7%          3

Your spell library contained the following spells:

 Spells                   Type           Power      Damage    Failure   Level
 Lesser Beckoning         Tloc           36%        N/A       3%          2
 Sandblast                Erth           28%        2d8       5%          1
 Momentum Strike          Conj/Tloc      20%        3d8       19%         2
 Airstrike                Air            9%         2d(2-18)  22%         4
 Manifold Assault         Tloc           18%        N/A       22%         4
 Portal Projectile        Hex/Tloc       20%        N/A       34%         3
 Spider Form              Tmut/Pois      8%         N/A       47%         3
 Stone Arrow              Conj/Erth      16%        3d8       47%         3
 Freeze                   Ice            8%         1d3       52%         1
 Kiss of Death            Conj/Necr      8%         2d6       52%         1
 Ensorcelled Hibernation  Hex/Ice        4%         N/A       67%         2
 Summon Lightning Spire   Summ/Air       10%        N/A       75%         4
 Blade Hands              Tmut           7%         N/A       82%         5
 Ice Form                 Ice/Tmut       8%         N/A       87%         4
 Leda's Liquefaction      Hex/Erth       4%         N/A       87%         4
 Call Canine Familiar     Summ           2%         N/A       88%         3
 Confusing Touch          Hex            2%         N/A       88%         3
 Frozen Ramparts          Ice            4%         1d1       88%         3
 Hailstorm                Conj/Ice       2%         3d3       88%         3
 Summon Guardian Golem    Hex/Summ       2%         N/A       88%         3
 Arcjolt                  Conj/Air       5%         1d15      97%         5
 Plasma Beam              Fire/Air       5%         2x1d17    97%         5
 Dispersal                Tloc           9%         N/A       98%         6
 Anguish                  Hex/Necr       1%         N/A       99%         4
 Cause Fear               Hex            1%         N/A       99%         4
 Dispel Undead            Necr           2%         3d7       99%         4
 Olgreb's Toxic Radiance  Pois           2%         N/A       99%         4
 Alistair's Intoxication  Tmut/Pois      5%         N/A       99%         5
 Borgnjor's Vile Clutch   Necr/Erth      4%         N/A       99%         5
 Freezing Cloud           Conj/Ice/Air   3%         6-21      99%         5
 Yara's Violent Unravell  Hex/Tmut       4%         3d4       99%         5
 Eringya's Noxious Bog    Tmut/Pois      4%         N/A       100%        6
 Simulacrum               Ice/Necr       1%         N/A       100%        6
 Dragon Form              Tmut           7%         N/A       100%        7
 Orb of Destruction       Conj           1%         9d5       100%        7
 Ozocubu's Refrigeration  Ice            1%         4d7       100%        7
 Spellforged Servitor     Conj/Summ      1%         N/A       100%        7
 Disjunction              Tloc           9%         N/A       100%        8
 Ignition                 Fire           1%         3d3       100%        8
 Maxwell's Capacitive Co  Air            9%         ∞         100%        8
 Dragon's Call            Summ           1%         N/A       100%        9


Dungeon Overview and Level Annotations

Branches:
Dungeon (15/15)            Temple (0/1) D:4            Lair (5/5) D:8
  Swamp (0/4) Lair:2       Spider (3/4) Lair:2        Slime (0/5) Lair:4
    Orc (2/2) D:11            Elf (0/3) Orc:2        Vaults (0/5) D:13
 Depths (0/4) D:15        Gauntlet (visited)

Altars:
Cheibriados
Dithmenos
Elyvilon
Hepliaklqana
Makhleb
Nemelex Xobeh
Ru
Sif Muna
Xom
Yredelemnul
The Shining One
Jiyva

Shops:
D:10 ?   D:13 !   Orc:2 [!(?

Annotations:
D:3 3 runed translucent doors, AverageBear's ghost, amateur OpFi; Parcival's ghost, amateur MiFi; cforsyth's ghost, amateur HuFi; selver's ghost, amateur MiHu
D:11 3 runed translucent doors, zarzak's ghost, journeyman GrFi
Lair:1 1 runed translucent door, jasper's ghost, novice DsWn
Lair:4 1 runed translucent door
Abyss:1 Sonja


Innate Abilities, Weirdness & Mutations

You have razor-sharp teeth.
Your natural rate of healing is unusually fast.
When hurt, damage is shared between your health and your magic reserves.
Your bite disrupts and absorbs the magic of your enemies.
Potions cannot restore your health.


Message History

Your basilisk struggles to get unstuck from the web.
The culicivora barely misses you.
You remove your ring of poison resistance.
The jumping spider pounces on your basilisk!
The jumping spider bites your basilisk.
Your basilisk dies!
Your basilisk's corpse disappears in a puff of smoke!
The culicivora bites you!
The culicivora draws strength from your injuries!
b - a ring of resist corrosion (left hand)
The redback bites you!
The jumping spider leaps!
The entropy weaver hits you. x3
The entropy weaver completely misses you.
The redback attacks as you move away! The redback bites you.
You are poisoned.
The redback poisons you!
You feel extremely sick. The entropy weaver hits you!
The entropy weaver hits you. The entropy weaver hits you!
* * * LOW HITPOINT WARNING * * *
The entropy weaver barely misses you.
Your system rejects the healing.
You feel better. The entropy weaver barely misses you.
The entropy weaver completely misses you.
The entropy weaver misses you.
The entropy weaver hits you but does no damage.
The culicivora bites your fire vortex! The redback bites you.
* * * LOW HITPOINT WARNING * * *
The jumping spider leaps!
Your fire vortex hits the redback.
Your fire vortex burns the redback!
Your fire vortex dissipates!
The entropy weaver hits you!
* * * LOW HITPOINT WARNING * * *
The entropy weaver hits you.
* * * LOW HITPOINT WARNING * * *
The entropy weaver hits you but does no damage.
The entropy weaver hits you!
* * * LOW HITPOINT WARNING * * *
The culicivora bites you!
You die...
Your body glows with a rainbow of weird colours and disappears.

#.# #....##^####.######.
#..#####.....## #.......#.
....#.#......#..#......^#.
......#......#..##........
................###......#
.#........###....###...###
#^###....##..(.......## ##
#.†s##...........#
...##.B@###.....#..^^#
#.....Bs.#####....#..#
#..##.s○..°.^######.##
.......s.....## ###
........#.○....#
...#.#.##..^.... ....##
##.#... ... ##... .. #.


You could see 2 entropy weavers, 2 culicivoras, a jumping spider (petrifying)
and a redback.

Vanquished Creatures
  A frost giant (D:15)
  A ghost moth (Spider:3)
  A broodmother (Spider:2)
  A reaper (Gauntlet)
  Snorg (Orc:1)
  A fire dragon (Lair:5)
  An entropy weaver (Spider:3)
  4 vault guards (D:13)
  A catoblepas (D:13)
  7 hydras
  4 two-headed ogres
  A radroach (Spider:1)
  3 boulder beetles
  2 centaur warriors
  3 tengu warriors
  6 death yaks
  3 orc high priests (Orc:2)
  A skyshark (Lair:5)
  4 pharaoh ants
  2 sun moths (Spider:3)
  A lindwurm (Lair:4)
  2 orb spiders
  2 bog bodies (Lair:2)
  2 steelbarb worms
  Pikel (D:7)
  4 orc knights
  21 ugly things
  4 orc sorcerers (Orc:2)
  10 wolf spiders
  2 manticores
  A worldbinder (Gauntlet)
  3 moths of wrath (Spider:3)
  6 black mambas
  8 elephants
  3 demonic crawlers (Spider:2)
  2 molten gargoyles (Lair:5)
  A torpor snail (Spider:3)
  10 cane toads
  Joseph (D:7)
  A cane toad (shapeshifter) (D:15)
  A gargoyle (D:11)
  A kobold demonologist (D:13)
  5 rime drakes
  12 komodo dragons
  An unseen horror (D:10)
  An efreet (D:14)
  2 tengu conjurers
  6 trolls
  2 polar bears
  3 hornets
  21 tarantellas
  12 dream sheep
  29 blink frogs
  13 slime creatures
  6 culicivoras
  A shadow (D:10)
  A centaur simulacrum (D:14)
  11 jumping spiders
  6 wyverns
  52 yaks
  Grum (D:8)
  A human (Lair:2)
  4 basilisks (Lair:5)
  9 steam dragons
  25 redbacks
  11 vampire mosquitoes
  5 wargs
  A swamp worm (Lair:2)
  6 acid dragons
  4 hell hounds (Lair:5)
  13 water moccasins
  20 orc warriors
  3 sky beasts
  2 ice beasts
  A black bear (Lair:1)
  2 boggarts (Gauntlet)
  4 ogres
  2 lemures (D:7)
  5 centaurs
  19 wolves
  3 phantoms
  A kobold brigand (D:13)
  3 gnoll sergeants
  3 scorpions
  17 bullfrogs
  8 wights (D:10)
  A killer bee (D:10)
  3 electric eels
  A howler monkey (D:6)
  4 lava snakes (Lair:5)
  3 jellies
  6 hounds
  15 orc priests
  Crazy Yiuf (D:7)
  10 hell rats
  Terence (D:3)
  2 iguanas
  12 orc wizards
  8 gnolls
  9 adders
  7 river rats (D:7)
  A shadow imp (Gauntlet)
  2 ufetubi (D:5)
  4 worms
  2 dart slugs
  60 orcs
  6 ball pythons
  3 endoplasms
  3 giant cockroaches (D:2)
  4 goblins
  9 hobgoblins
  9 jackals
  6 quokkas
  7 bats
  3 frilled lizards
  19 kobolds
  20 rats
  A fungus (Lair:2)
734 creatures vanquished.

Vanquished Creatures (collateral kills)
  Jorgrun (Orc:1)
  A minotaur (Gauntlet)
  A hydra (Lair:4)
  3 ugly things (D:14)
  Maurice (D:8)
  A demonic crawler (Spider:3)
  2 torpor snails (Spider:3)
  A jumping spider (Spider:3)
  2 redbacks (Spider:3)
  An orc warrior (Orc:1)
  An orc priest (Orc:1)
  An orc wizard (Orc:1)
  2 gnolls (D:13)
18 creatures vanquished.

Vanquished Creatures (others)
  A yak (Lair:2)
  An ogre (Orc:1)
  2 lemures (D:7)
  An electric eel (Lair:2)
  An orc (Orc:2)
  A bush (Lair:5)
  56 fungi
  61 plants
  2 withered plants (Lair:1)
126 creatures vanquished.

Grand Total: 878 creatures vanquished

Notes
Turn   | Place    | Note
-------+----------+-------------------------------------------
     0 | D:1      | juan097 the Vine Stalker Monk began the quest for the Orb.
     0 | D:1      | Reached XP level 1. HP: 11/11 MP: 2/2
   164 | D:1      | Reached XP level 2. HP: 16/16 MP: 3/3
   388 | D:1      | Got the Elucidation of the Metamorphic Fifth Circle
   872 | D:2      | Reached XP level 3. HP: 19/19 MP: 4/4
   908 | D:2      | Learned a level 1 spell: Apportation
  1013 | D:2      | Gained mutation: Your natural rate of healing is unusually
                  | fast. [Vine Stalker growth]
  1013 | D:2      | Reached XP level 4. HP: 21/23 MP: 5/5
  1507 | D:2      | Reached XP level 5. HP: 27/27 MP: 6/6
  1629 | D:3      | Found a sacrificial altar of Ru.
  1865 | D:3      | Found a faded altar of an unknown god.
  1870 | D:3      | Prayed at the altar of an unknown god.
  1870 | D:3      | Became a worshipper of Nemelex Xobeh the Trickster
  1870 | D:3      | Reached * piety under Nemelex Xobeh
  1870 | D:3      | Received a gift from Nemelex Xobeh
  1870 | D:3      | Reached ** piety under Nemelex Xobeh
  1889 | D:3      | Found a shadowy altar of Dithmenos.
  1943 | D:3      | Noticed Terence
  1950 | D:3      | Killed Terence
  1951 | D:3      | Reached skill level 5 in Short Blades
  2010 | D:3      | Reached *** piety under Nemelex Xobeh
  2010 | D:3      | Received a gift from Nemelex Xobeh
  2077 | D:3      | Found a burning altar of Makhleb.
  2313 | D:3      | Found a runed translucent gate.
  2314 | D:3      | Found a runed translucent gate.
  2315 | D:3      | Found a runed translucent gate.
  2316 | D:3      | Noticed Parcival's ghost (amateur MiFi)
  2318 | D:3      | Noticed cforsyth's ghost (amateur HuFi)
  2318 | D:3      | Noticed AverageBear's ghost (amateur OpFi)
  2318 | D:3      | Noticed selver's ghost (amateur MiHu)
  2484 | D:4      | Noticed a phantom
  2518 | D:4      | Noticed a black bear
  2521 | D:4      | Banished a black bear
  2522 | D:4      | Reached XP level 6. HP: 24/32 MP: 4/7
  2648 | D:4      | Found a glowing golden altar of the Shining One.
  2668 | D:4      | Found a basalt altar of Yredelemnul.
  2824 | D:4      | Received a gift from Nemelex Xobeh
  2899 | D:4      | Found a staircase to the Ecumenical Temple.
  3043 | D:4      | Reached XP level 7. HP: 36/36 MP: 8/8
  3092 | D:5      | Entered Level 5 of the Dungeon
  3123 | D:5      | Reached skill level 1 in Armour
  3334 | D:5      | Reached skill level 5 in Stealth
  3430 | D:5      | Gained mutation: You have razor-sharp teeth. [Vine Stalker
                  | growth]
  3430 | D:5      | Reached XP level 8. HP: 42/42 MP: 9/9
  3628 | D:6      | Noticed a wyvern
  3633 | D:6      | Killed a wyvern
  4037 | D:6      | Reached skill level 1 in Invocations
  4085 | D:6      | Reached skill level 2 in Invocations
  4085 | D:6      | Reached XP level 9. HP: 45/45 MP: 10/12
  4096 | D:6      | Reached skill level 3 in Invocations
  4325 | D:6      | Received a gift from Nemelex Xobeh
  4461 | D:7      | Reached skill level 4 in Invocations
  4508 | D:7      | Noticed Pikel
  4534 | D:7      | Killed Pikel
  4535 | D:7      | Reached skill level 6 in Invocations
  4579 | D:7      | Learned a level 2 spell: Passwall
  4618 | D:7      | Reached **** piety under Nemelex Xobeh
  5004 | D:7      | Received a gift from Nemelex Xobeh
  5080 | D:7      | Found a runed translucent door.
  5081 | D:7      | Noticed Crazy Yiuf
  5088 | D:7      | Killed Crazy Yiuf
  5124 | D:7      | Noticed Joseph
  5135 | D:7      | Killed Joseph
  5264 | D:7      | Found a snail-covered altar of Cheibriados.
  5284 | D:7      | Identified the +2 short sword of Gext {venom, rC+ Dex+4}
  5491 | D:8      | Reached skill level 5 in Fighting
  5556 | D:8      | Noticed Maurice
  5613 | D:8      | Reached skill level 7 in Invocations
  5613 | D:8      | Reached XP level 10. HP: 43/51 MP: 14/16
  5661 | D:8      | Killed Maurice
  5946 | D:8      | Received a gift from Nemelex Xobeh
  6069 | D:8      | Reached skill level 8 in Invocations
  6184 | D:8      | Reached ***** piety under Nemelex Xobeh
  6214 | D:8      | Noticed Grum
  6231 | D:8      | Killed Grum
  6234 | D:8      | Reached skill level 10 in Short Blades
  6351 | D:8      | Found a staircase to the Lair.
  6818 | D:8      | Found a shimmering blue altar of Sif Muna.
  6819 | D:8      | Found a hazy altar of Hepliaklqana.
  6848 | D:8      | Received a gift from Nemelex Xobeh
  7152 | Lair:1   | Entered Level 1 of the Lair of Beasts
  7176 | Lair:1   | Identified 2 scrolls of acquirement
  7316 | Lair:1   | Noticed a black mamba
  7328 | Lair:1   | Killed a black mamba
  7349 | Lair:1   | Reached XP level 11. HP: 58/58 MP: 18/18
  7518 | Lair:1   | Noticed a catoblepas
  7657 | Lair:1   | Received a gift from Nemelex Xobeh
  7712 | Lair:1   | Noticed a boulder beetle
  7728 | Lair:1   | Killed a boulder beetle
  7729 | Lair:1   | Reached skill level 1 in Evocations
  7864 | Lair:1   | Banished a catoblepas
  8262 | Lair:1   | Found a runed translucent door.
  8262 | Lair:1   | Noticed jasper's ghost (novice DsWn)
  8637 | Lair:2   | Found a hole to the Spider Nest.
  8661 | Lair:2   | Reached skill level 5 in Armour
  8661 | Lair:2   | Reached skill level 5 in Dodging
  8776 | Lair:2   | Reached XP level 12. HP: 21/63 MP: 12/19
  8951 | Lair:2   | Noticed a death yak
  8952 | Lair:2   | Noticed a death yak
  8952 | Lair:2   | Noticed a death yak
  8991 | Lair:1   | Killed a death yak
  9140 | Lair:2   | Reached skill level 9 in Invocations
  9236 | Lair:2   | Reached skill level 10 in Stealth
  9251 | Lair:2   | Banished a death yak
  9258 | Lair:2   | Banished a death yak
  9259 | Lair:2   | Reached skill level 5 in Evocations
  9723 | Lair:2   | Reached skill level 10 in Invocations
  9763 | Lair:2   | Received a gift from Nemelex Xobeh
  9886 | Lair:2   | Noticed Harold
  9889 | Lair:2   | Harold changed into Harold the manticore
  9889 | Lair:2   | Noticed Harold
  9894 | Lair:2   | Killed Harold the manticore
 10077 | Lair:2   | Found a staircase to the Swamp.
 10149 | Lair:2   | Acquired a manual of Short Blades
 10151 | Lair:2   | Acquired the +12 pair of quick blades "Gyre" and "Gimble"
                  | {protect}
 10151 | Lair:2   | Found the +12 pair of quick blades "Gyre" and "Gimble"
                  | {protect}
 10211 | Lair:3   | Noticed an eight-headed hydra
 10224 | Lair:3   | Reached XP level 13. HP: 68/68 MP: 21/21
 10298 | Lair:3   | Reached skill level 11 in Invocations
 10583 | Lair:3   | Reached skill level 12 in Invocations
 10926 | Lair:4   | Reached skill level 1 in Spellcasting
 10926 | Lair:4   | Reached skill level 1 in Transmutations
 10926 | Lair:4   | Reached skill level 1 in Earth Magic
 11028 | Lair:4   | Received a gift from Nemelex Xobeh
 11356 | Lair:4   | Noticed Nessos
 11363 | Lair:4   | Nessos changed into Nessos the culicivora
 11363 | Lair:4   | Noticed Nessos
 11378 | Lair:4   | Killed Nessos the culicivora
 11561 | Lair:4   | Found a runed translucent door.
 11562 | Lair:4   | Found a viscous altar of Jiyva.
 11570 | Lair:4   | Found a staircase to the Slime Pits.
 11571 | Lair:4   | Noticed an acid blob
 11776 | Lair:4   | Learned a level 2 spell: Blink
 12098 | Lair:4   | Received a gift from Nemelex Xobeh
 12211 | Lair:5   | Entered Level 5 of the Lair of Beasts
 12265 | Lair:5   | Reached XP level 14. HP: 73/73 MP: 24/24
 12352 | Lair:4   | Reached skill level 5 in Earth Magic
 12387 | Lair:4   | Reached skill level 5 in Transmutations
 12390 | Lair:4   | Reached skill level 1 in Translocations
 12928 | Lair:5   | Received a gift from Nemelex Xobeh
 13420 | Lair:5   | Found a large runed translucent door.
 13515 | Lair:5   | Found a large runed translucent door.
 13546 | Lair:5   | Reached skill level 5 in Translocations
 14050 | D:9      | Received a gift from Nemelex Xobeh
 14333 | D:9      | Reached ****** piety under Nemelex Xobeh
 14401 | D:9      | Received a gift from Nemelex Xobeh
 14920 | D:10     | Entered Level 10 of the Dungeon
 15107 | D:10     | Received a gift from Nemelex Xobeh
 15324 | D:10     | Found Punoh's Magic Scroll Shoppe.
 15327 | D:10     | Bought a scroll of blinking for 97 gold pieces
 15327 | D:10     | Bought a scroll of vulnerability for 52 gold pieces
 15332 | D:10     | Bought a scroll of identify for 26 gold pieces
 15332 | D:10     | Bought a scroll of identify for 26 gold pieces
 15332 | D:10     | Bought a scroll of identify for 26 gold pieces
 15444 | D:10     | Bought a scroll of butterflies for 52 gold pieces
 15568 | D:11     | Found a runed translucent gate.
 15569 | D:11     | Found a runed translucent gate.
 15574 | D:11     | Found a runed translucent gate.
 15592 | D:11     | Noticed zarzak's ghost (journeyman GrFi)
 15864 | D:11     | Found a staircase to the Orcish Mines.
 15986 | D:11     | Received a gift from Nemelex Xobeh
 16063 | D:11     | Paralysed by a hornet for 2 turns
 16613 | D:12     | Reached XP level 15. HP: 78/78 MP: 25/25
 16631 | D:12     | Received a gift from Nemelex Xobeh
 16956 | D:13     | Received a gift from Nemelex Xobeh
 17132 | D:13     | Found Tiyxzaru's Distillery.
 17164 | D:13     | Bought a potion of lignification for 54 gold pieces
 17164 | D:13     | Bought a potion of heal wounds for 90 gold pieces
 17164 | D:13     | Bought a potion of might for 72 gold pieces
 17191 | D:13     | Found a gate to the Vaults.
 17197 | D:13     | Reached skill level 10 in Fighting
 17231 | D:13     | Reached skill level 1 in Throwing
 17283 | D:13     | Received a gift from Nemelex Xobeh
 17493 | D:13     | Noticed Sonja
 17499 | D:13     | Banished Sonja
 17544 | D:13     | Received a gift from Nemelex Xobeh
 17846 | Orc:1    | Entered Level 1 of the Orcish Mines
 17910 | Orc:1    | Noticed Snorg
 17914 | Orc:1    | Killed Snorg
 18008 | Orc:1    | Noticed Jorgrun
 18145 | Orc:2    | Entered Level 2 of the Orcish Mines
 18145 | Orc:2    | Received a gift from Nemelex Xobeh
 18360 | Orc:1    | Killed Jorgrun
 18757 | Orc:2    | Found a staircase to the Elven Halls.
 18990 | Orc:2    | Received a gift from Nemelex Xobeh
 19048 | Orc:2    | Found Cyibaj's Distillery.
 19048 | Orc:2    | Found Puil's Antique Armour Shoppe.
 19110 | Orc:2    | Found Lukajiru's Antique Weapon Shoppe.
 19110 | Orc:2    | Found Cummoasm's Magic Scroll Boutique.
 19123 | Orc:2    | Bought a scroll of enchant weapon for 75 gold pieces
 19125 | Orc:2    | Bought a potion of flight for 54 gold pieces
 19125 | Orc:2    | Bought a potion of magic for 144 gold pieces
 19125 | Orc:2    | Bought 2 potions of cancellation for 288 gold pieces
 19125 | Orc:2    | Bought 2 potions of haste for 360 gold pieces
 19633 | D:14     | Found a white marble altar of Elyvilon.
 19641 | D:14     | Found a gate leading to a gauntlet.
 19656 | D:14     | Learned a level 3 spell: Vhi's Electric Charge
 19656 | D:14     | Reached XP level 16. HP: 85/85 MP: 26/26
 19661 | Gauntlet | Entered a Gauntlet
 19661 | Gauntlet | Found a transporter.
 19661 | Gauntlet | Found a transporter.
 19661 | Gauntlet | Found a transporter.
 19662 | Gauntlet | Found a transporter.
 19664 | Gauntlet | Found a transporter.
 19666 | Gauntlet | Found a transporter.
 19675 | Gauntlet | Found a transporter.
 19677 | Gauntlet | Found a transporter.
 19677 | Gauntlet | Found a transporter.
 19677 | Gauntlet | Found a transporter.
 19683 | Gauntlet | Found a runed translucent gate.
 19685 | Gauntlet | Found a transporter.
 19685 | Gauntlet | Found a transporter.
 19686 | Gauntlet | Found a runed translucent gate.
 19687 | Gauntlet | Found a runed translucent gate.
 19766 | Gauntlet | Received a gift from Nemelex Xobeh
 19965 | Gauntlet | Identified the +2 cloak "Weank" {rF+ Str+4}
 20074 | Gauntlet | Identified the +1 trident of Vuast {pain, rN+ Will+}
 20200 | D:14     | Reached skill level 13 in Invocations
 20371 | D:14     | Reached XP level 17. HP: 89/89 MP: 27/27
 20506 | D:14     | Reached skill level 5 in Air Magic
 20676 | D:14     | Received a gift from Nemelex Xobeh
 20873 | D:15     | Entered Level 15 of the Dungeon
 21201 | D:15     | Found a hazy altar of Hepliaklqana.
 21218 | D:15     | Found a shimmering altar of Xom.
 21577 | D:15     | Received a gift from Nemelex Xobeh
 21582 | D:15     | Found a staircase to the Depths.
 22166 | Orc:2    | Bought a helmet for 153 gold pieces
 22393 | Spider:1 | Entered Level 1 of the Spider Nest
 22812 | Spider:1 | Identified the +4 scale mail of Opanofan {Rampage rCorr
                  | SInv}
 22831 | Spider:1 | Identified the +7 shortbow of the Breathing Gods {drain,
                  | Dex+2}
 22925 | Spider:1 | Received a gift from Nemelex Xobeh
 23091 | Spider:2 | Reached skill level 14 in Invocations
 23376 | Spider:2 | You fall into a shaft and drop 1 floor!
 23506 | Spider:3 | Received a gift from Nemelex Xobeh
 24377 | Spider:3 | Reached XP level 18. HP: 92/95 MP: 27/29
 24388 | Spider:3 | HP: 3/95 [entropy weaver (8)]
 24388 | Spider:3 | Mangled by a culicivora

Illustrated notes

Levels and vault maps discovered:
D:1:      saegor_arrival_simple_d, layout_loops_ring, moated_statue,
          minmay_misc_feat_diagonals
D:2:      wander_river, layout_basic, minmay_misc_feat_rugged
D:3:      layout_loops_corners, nicolae_ru_awakened_eye,
          mainiacjoe_overflow_catwalk, old_standard_altar,
          gammafunk_ghost_cemetery, basic_ecumenical_altar,
          grunt_decor_resistance, minmay_pentangle, uniq_terence
D:4:      layout_rooms, mainiacjoe_overflow_chevrons,
          mainiacjoe_overflow_cross_hatched, minmay_temple_entry_antechambers
D:5:      layout_basic
D:6:      layout_rooms
D:7:      lemuel_ratsnest, layout_loops_ring,
          mainiacjoe_overflow_concentric_impassable, uniq_pikel,
          uniq_crazy_yiuf_cottage, uniq_joseph
D:8:      layout_layer_cave, gammafunk_temple_overflow_statue,
          grunt_lair_entry_orc_guard_hut, abandoned_shop, uniq_maurice,
          uniq_grum
D:9:      layout_grid_maze, nicolae_underground_beach
D:10:     layout_big_octagon, serial_shops, kennysheep_mini_moat
D:11:     layout_stronghold, david_orc_2, maelrawn_ghost_gauntlet_escape,
          serial_bayou_ford_a
D:12:     layout_roguey
D:13:     layout_gridville, lightli_vaults_fourway_checkpoint, serial_shops,
          shop, uniq_sonja
D:14:     layout_roguey, gauntlet_entry_generic, elyvilon_altar_1
D:15:     grunt_enter_depths_snipers, layout_loops_ring,
          nzn_hepliaklqana_mist_gate, xom_teletrap_fun
Lair:1:   layout_small_grid, gammafunk_ghost_grave, grunt_megastairs_1
Lair:2:   layout_chaotic_city, nicolae_swamp_entry_splash_gauntlet,
          spider_nest_entry_web_field, bobbens_dragon_lair_wall,
          serial_bayou_shore_a, uniq_harold
Lair:3:   layout_misc_corridors
Lair:4:   layout_long_grid, slime_entry_2, serial_bayou_shore_b, uniq_nessos
Lair:5:   cheibrodos_lair_end_hotspot, layout_hall_layers, fungi_pond_lemuel
Spider:1: layout_spider_delve
Spider:2: layout_spider_delve
Spider:3: layout_spider_delve, hangedman_spider_tarantella_strand
Orc:1:    layout_caves, basic_altar, nicolae_orc_crystal_geode, uniq_jorgrun,
          uniq_snorg
Orc:2:    grunt_orc_tribal_feast, layout_caves, nicolae_orc_stony_grotto,
          mines2_david

Skill      XL: |  1  2  3  4  5  6  7  8  9 10 11 12 13 14 15 16 17 |
---------------+----------------------------------------------------+-----
Short Blades   | 3 4 5 6 8 10 11 12 | 12.0
Stealth        | 3 4 5 6 9 10 | 10.9
Fighting       | 3 4 5 6 7 8 10 | 10.4
Armour         | 2 3 5 6 7 8 |  8.6
Dodging        | 3 5 6 7 8 |  8.6
Invocations    | 2 7 8 10 12 13 14 | 14.3
Evocations     | 3 6 |  6.0
Spellcasting   | 2 4 |  4.0
Transmutations | 3 6 |  6.0
Earth Magic    | 3 6 |  6.0
Translocations | 6 8 |  8.0
Throwing       | 4 |  4.0
Air Magic      | 3 4 8 |  8.0

Action                     |  1- 3 |  4- 6 |  7- 9 | 10-12 | 13-15 | 16-18 || total
---------------------------+-------+-------+-------+-------+-------+-------++-------
  Melee: Short sword       |    41 |       |       |       |       |       ||    41
         Bite              |    15 |    18 |    59 |   172 |   364 |   243 ||   871
         Dagger            |    36 |   100 |   198 |   441 |   900 |   538 ||  2213
         Punch             |       |     2 |     5 |     4 |    14 |    10 ||    35
  Throw: Throwing net      |       |       |       |     4 |       |       ||     4
         Javelin           |       |       |       |     1 |       |       ||     1
         Boomerang         |       |       |       |     1 |       |       ||     1
         Dart              |       |       |       |     6 |    14 |     3 ||    23
   Cast: Passwall          |       |       |       |       |     5 |     3 ||     8
         Blink             |       |       |       |       |     3 |     2 ||     5
 Invoke: Draw Destruction  |       |     2 |    14 |     4 |    18 |     5 ||    43
         Draw Summoning    |       |       |       |     1 |     7 |     9 ||    17
         Deal Four         |       |       |       |     1 |     2 |     1 ||     4
         Triple Draw       |       |       |       |     1 |     1 |     2 ||     4
         Draw Escape       |       |       |       |     1 |     5 |       ||     6
         Stack Five        |       |       |       |       |     1 |     1 ||     2
         Draw Stack        |       |       |       |       |     2 |     2 ||     4
  Evoke: Wand              |       |       |       |     4 |     1 |     2 ||     7
    Use: Scroll            |       |       |       |    16 |    18 |     1 ||    35
         Potion            |       |       |       |       |     4 |     1 ||     5
   Stab: Sleeping          |     3 |     8 |    12 |     7 |    17 |    14 ||    61
         Distracted        |       |       |     2 |     4 |     2 |     4 ||    12
         Held in net/web   |       |       |       |     4 |       |       ||     4
         Petrifying        |       |       |       |       |     3 |       ||     3
         Petrified         |       |       |       |       |     2 |       ||     2
         Invisible         |       |       |       |       |       |     1 ||     1
 Armour: Robe              |     3 |       |       |       |       |       ||     3
         Leather armour    |    11 |    10 |       |    64 |   187 |    85 ||   357
         Ring mail         |       |    10 |    36 |       |       |       ||    46
         Scale mail        |       |       |       |       |       |    85 ||    85
  Dodge: Dodged            |    49 |    45 |    91 |   150 |   528 |   331 ||  1194
         Repelled          |       |       |       |     4 |    11 |       ||    15

Table legend: (Time is in decaauts)
 A = Elapsed time spent in this place.
 B = Non-inter-level travel time spent in this place.
 C = Inter-level travel time spent in this place.
 D = Time resting spent in this place.
 E = Time spent auto-exploring this place.
 F = Levels seen in this place.
 G = Mean time per level.
                   A        B        C        D        E       F      G
               +--------+--------+--------+--------+--------+-----+--------+
         Total |  23421 |  21419 |   2002 |    262 |  15459 |  26 |  900.8 |
       Dungeon |  13004 |  11732 |   1272 |    138 |   8922 |  15 |  866.9 |
          Lair |   6488 |   5969 |    519 |     63 |   4031 |   5 | 1297.6 |
   Spider Nest |   1834 |   1813 |     21 |      0 |   1296 |   3 |  611.3 |
  Orcish Mines |   1669 |   1481 |    188 |      0 |   1071 |   2 |  834.5 |
      Gauntlet |    424 |    424 |      0 |     61 |    138 |   1 |  424.0 |
               +--------+--------+--------+--------+--------+-----+--------+

Top non-repeatable levels by time:
     D:8: 1834 daAuts
  Lair:1: 1776 daAuts
  Lair:2: 1351 daAuts
  Lair:5: 1262 daAuts
  Lair:4: 1249 daAuts
    D:11: 1112 daAuts
     D:9: 1096 daAuts
     D:7: 1015 daAuts
     D:3: 971 daAuts
   Orc:2: 962 daAuts
  Lair:3: 848 daAuts
     D:5: 834 daAuts
    D:13: 817 daAuts
     D:2: 816 daAuts
    D:14: 811 daAuts
